 Dungeon Crawl Stone Soup version 0.17-a0-670-g5d95ebd (webtiles) character file.

481 laxity the Changer (level 7, -1/57 HPs)
             Began as a Naga Transmuter on Apr 18, 2015.
             Slain by Grinder (2 damage)
             ... on level 3 of the Dungeon.
             The game lasted 00:06:33 (2974 turns).

laxity the Changer (Naga Transmuter)                Turns: 2974, Time: 00:06:34

Health: -1/57      AC:  6    Str: 13    XL:     7   Next: 12%
Magic:  5/10       EV: 10    Int: 15    God:
Gold:   39         SH:  0    Dex: 11    Spells: 3 memorised, 1 level left

rFire  . . .     SeeInvis +       - Unarmed
rCold  . . .     Clarity  .     c - +1 robe
rNeg   . . .     SustAb   .     (shield currently unavailable)
rPois  +         Gourm    .     r - +0 helmet
rElec  .         Spirit   .     h - +0 cloak
rCorr  .         Warding  .     (gloves currently unavailable)
rMut   .         Stasis   .     (no barding)
MR     .....                    (no amulet)
Stlth  +.........               (no ring)
                                (no ring)

@: blade hands, very slow, not resistant to hostile enchantments, very
unstealthy
A: see invisible, deformed body, poison resistance, slowness 2, spit poison 2,
AC +2
a: Spit Poison, End Transformation


You were on level 3 of the Dungeon.
You were not hungry.
You had blades for hands.
You visited 1 branch of the dungeon, and saw 3 of its levels.

You collected 39 gold pieces.

Inventory:

Missiles
 b - 69 arrows
Armour
 c - a +1 robe (worn)
 h - a +0 cloak (worn)
 r - a +0 helmet (worn)
Scrolls
 e - a scroll of recharging
 g - 2 scrolls of remove curse
 k - a scroll of enchant armour
Potions
 l - 2 potions of beneficial mutation {unknown}
 m - 3 potions of cancellation
 n - a potion of magic {unknown}
 o - a potion of invisibility {unknown}
 p - a potion of lignification
 q - a potion of heal wounds {unknown}
Books
 d - a book of Changes

   Spells                             Type                      Level
   a - Beastly Appendage              Transmutation                1
   b - Sticks to Snakes               Transmutation                2
   c - Spider Form                    Transmutation/Poison         3
   d - Ice Form                       Ice/Transmutation            4
   e - Blade Hands                    Transmutation                5
Comestibles
 a - a bread ration
 f - 3 fruits
 i - 5 chunks of flesh
 j - a meat ration


   Skills:
 - Level 1.0 Fighting
 - Level 1.5 Dodging
 - Level 3.0 Unarmed Combat
 - Level 2.0 Spellcasting
 + Level 7.5 Transmutations


You had one spell level left.
You knew the following spells:

 Your Spells              Type           Power        Failure   Level  Hunger
a - Beastly Appendage     Trmt           ###...       14%         1    #......
b - Spider Form           Trmt/Pois      ##........   58%         3    ###....
c - Blade Hands           Trmt           ###.......   71%         5    ######.


Dungeon Overview and Level Annotations

Branches:
Dungeon (3/15)

Altars:
Dithmenos
Makhleb
Okawaru
Trog
Zin
The Shining One

Annotations:
D:3 Grinder


Innate Abilities, Weirdness & Mutations

You cannot wear boots.
Your serpentine skin is tough (AC +2).
You have supernaturally acute eyesight.
Armour fits poorly on your strangely shaped body.
Your system is resistant to poisons.
You cover ground very slowly.
You can spit poison.


Message History

Grinder hits you!
* * * LOW HITPOINT WARNING * * *
You writhe in agony.
* * * LOW HITPOINT WARNING * * *
You are too injured to fight recklessly!
You slash Grinder!
Grinder is moderately wounded.
Grinder barely misses you.
You slash Grinder!
Grinder is heavily wounded.
Grinder closely misses you.
You closely miss Grinder.
Grinder is heavily wounded.
Grinder hits you but does no damage.
You barely miss Grinder.
Grinder is heavily wounded.
Grinder hits you.
* * * LOW HITPOINT WARNING * * *
You writhe in agony.
You die...

#### ...
#####.####
#...@5...#
#.#)#..#.....
#.#.#..# .
#...#..#
#..##..>
#..###.##
#####......#
###......#####
#.........#


You could see Grinder.

Vanquished Creatures
  Sigmund (D:2)
  An ice beast (D:2)
  The ghost of tjtr the Sneak, a weakling NaEn (D:3)
  Crazy Yiuf (D:2)
  Terence (D:2)
  Robin (D:3)
  3 adders
  A gnoll (D:1)
  3 oozes
  4 worms
  3 giant geckos
  4 giant cockroaches
  8 hobgoblins
  A jackal (D:3)
  12 bats
  3 giant newts (D:1)
  18 goblins
  3 kobolds
  5 rats
74 creatures vanquished.

Notes
Turn   | Place    | Note
--------------------------------------------------------------
     0 | D:1      | laxity, the Naga Transmuter, began the quest for the Orb.
     0 | D:1      | Reached XP level 1. HP: 18/18 MP: 3/3
   162 | D:1      | Reached XP level 2. HP: 11/25 MP: 3/5
   556 | D:1      | Reached XP level 3. HP: 29/31 MP: 6/6
   561 | D:1      | Learned a level 3 spell: Spider Form
  1252 | D:2      | Noticed Terence
  1262 | D:2      | Killed Terence
  1262 | D:2      | Reached skill level 4 in Transmutations
  1262 | D:2      | Reached XP level 4. HP: 35/38 MP: 4/7
  1501 | D:2      | Noticed Sigmund
  1522 | D:2      | Killed Sigmund
  1522 | D:2      | Reached skill level 6 in Transmutations
  1522 | D:2      | Reached XP level 5. HP: 19/44 MP: 5/8
  1522 | D:2      | Reached XP level 6. HP: 22/51 MP: 5/9
  1720 | D:2      | Learned a level 5 spell: Blade Hands
  1842 | D:2      | Noticed Crazy Yiuf
  1848 | D:2      | Killed Crazy Yiuf
  2215 | D:3      | Noticed tjtr's ghost (weakling NaEn)
  2227 | D:3      | Killed tjtr's ghost
  2581 | D:2      | Reached skill level 7 in Transmutations
  2581 | D:2      | Reached XP level 7. HP: 38/57 MP: 7/10
  2724 | D:3      | Noticed Robin
  2821 | D:3      | Killed Robin
  2928 | D:3      | Found an iron altar of Okawaru.
  2928 | D:3      | Found a bloodstained altar of Trog.
  2931 | D:3      | Found a shadowy altar of Dithmenos.
  2932 | D:3      | Found a glowing silver altar of Zin.
  2933 | D:3      | Found a burning altar of Makhleb.
  2933 | D:3      | Found a glowing golden altar of the Shining One.
  2966 | D:3      | Noticed Grinder
  2974 | D:3      | HP: 1/57 [Grinder (6)]
  2974 | D:3      | Slain by Grinder

Action                   |  1- 3 |  4- 6 |  7- 9 || total
-------------------------+-------+-------+-------++-------
Melee: Unarmed           |    86 |   132 |    60 ||   278
 Cast: Beastly Appendage |     9 |     5 |     1 ||    15
       Spider Form       |     2 |     9 |     3 ||    14
       Blade Hands       |       |       |     1 ||     1
  Use: Scroll            |       |     7 |     1 ||     8
 Stab: Sleeping          |       |     1 |       ||     1
  Eat: Chunk             |     1 |     5 |     3 ||     9
